 Dungeon Crawl Stone Soup version 0.29-a0-82-g837932c90e (webtiles) character file.

Game seed: 18059038017802095455

105278 robertstho the Grappler (level 15, -3/149 HPs)
             Began as a Troll Delver on Feb 4, 2022.
             Was a High Priest of Qazlal.
             Constricted to death by a naga mage (4 damage)
             ... on level 1 of the Snake Pit.
             The game lasted 00:56:06 (21588 turns).

robertstho the Grappler (Troll Delver)             Turns: 21588, Time: 00:56:07

Health: -3/149     AC:  8    Str: 35    XL:     15   Next: 94%
Magic:  17/20      EV: 12    Int: 11    God:    Qazlal [*****.]
Gold:   1327       SH: 21    Dex: 11    Spells: 14/14 levels left

rFire   + . .      SeeInvis .   U - +7 eveningstar "Uphaof" {vorpal, Str+5}
rCold   + . .      Faith    .   B - +0 kite shield
rNeg    . . .      Spirit   .   K - +0 troll leather armour
rPois   +          Reflect  +   a - +2 hat
rElec   +          Harm     .   l - scarf {rC+ rF+}
rCorr   +          Rampage  .   (gloves unavailable)
Will    .....                   (boots unavailable)
Stlth   +.........              n - amulet of reflection
HPRegen 1.94/turn               C - ring of the Pariah {EV+4 Int+5}
MPRegen 0.17/turn               V - ring "Bul Requme" {rElec rPois Will- rCorr Stlth+}

@: lethally poisoned (-3 -> -3), constricted, repel missiles
A: large, unfitting armour, claws 3, regeneration 1, shaggy fur 1, tough skin 1
a: Renounce Religion, Upheaval, Elemental Force, Disaster Area


You were on level 1 of the Snake Pit.
You worshipped Qazlal.
Qazlal was extremely pleased with you.
You visited 5 branches of the dungeon, and saw 25 of its levels.
You visited the Abyss 1 time.
You also visited: Ice Cave.

You collected 2392 gold pieces.
You spent 1065 gold pieces at shops.

Inventory:

Hand Weapons
 q - a +2 halberd of flaming
 E - a +0 scimitar of flaming
 U - the +7 eveningstar "Uphaof" (weapon) {vorpal, Str+5}
   (You found it on level 6 of the Lair of Beasts)

   It inflicts extra damage upon your enemies.
   Str:       It affects your strength (+5).
Missiles
 d - 4 throwing nets (quivered)
 T - 31 large rocks
Armour
 a - a +2 hat (worn)
 l - a scarf of resistance (worn)
 x - a +0 robe of cold resistance
 B - a +0 kite shield (worn)
 F - a +2 robe of fire resistance
 K - a +0 troll leather armour (worn)
Jewellery
 m - a ring of positive energy
 n - an amulet of reflection (around neck)
 C - the ring of the Pariah (left claw) {EV+4 Int+5}
   (You acquired it on level 10 of the Dungeon)

   [ring of evasion]

   EV:        It affects your evasion (+4).
   Int:       It affects your intelligence (+5).
 M - a ring of flight
 P - the ring of Meihotum {Ice Str+3 Dex-4 Slay+3}
   (You found it on level 6 of the Lair of Beasts)

   [ring of ice]

   It enhances your ice magic.
   Str:       It affects your strength (+3).
   Dex:       It affects your dexterity (-4).
   Slay:      It affects your accuracy & damage with ranged weapons and melee
   (+3).
   rF:        It makes you vulnerable to fire.
   rC:        It protects you from cold.
 V - the ring "Bul Requme" (right claw) {rElec rPois Will- rCorr Stlth+}
   (You found it on level 12 of the Dungeon)

   [ring of resist corrosion]

   rElec:     It insulates you from electricity.
   rPois:     It protects you from poison.
   rCorr:     It protects you from acid and corrosion.
   Will:      It decreases your willpower.
   Stlth:     It makes you more stealthy.
 Z - the ring "Ihunocw" {rPois Will++ rCorr}
   (You bought it in a shop on level 12 of the Dungeon)

   [ring of resist corrosion]

   rPois:     It protects you from poison.
   rCorr:     It protects you from acid and corrosion.
   Will:      It greatly increases your willpower.
Wands
 e - a wand of iceblast (3)
 f - a wand of digging (26)
 t - a wand of flame (45)
 y - a wand of mindburst (6)
 J - a wand of paralysis (9)
Scrolls
 b - 4 scrolls of fog
 c - 5 scrolls of immolation
 j - 6 scrolls of enchant armour
 s - a scroll of holy word
 u - 5 scrolls of magic mapping
 w - 4 scrolls of enchant weapon
 A - 4 scrolls of silence
 D - a scroll of brand weapon
 G - 4 scrolls of teleportation
Potions
 g - 2 potions of mutation
 k - 4 potions of curing
 p - 2 potions of flight
 r - a potion of magic
 z - 4 potions of lignification
 H - 3 potions of cancellation
 I - a potion of ambrosia
 L - 2 potions of degeneration
 O - 3 potions of brilliance
 W - 4 potions of haste
Miscellaneous
 v - a condenser vane
 N - a phantom mirror
 Q - a lightning rod (4/4)


   Skills:
 * Level 10.0 Fighting
 + Level 7.1 Long Blades
 + Level 5.9 Maces & Flails
 + Level 2.7 Armour
 + Level 8.4 Dodging
 - Level 4.3 Stealth
 + Level 8.7 Shields
 + Level 14.4 Unarmed Combat
 * Level 9.2 Invocations
 * Level 7.0 Evocations


You had 14 spell levels left.
You didn't know any spells.
Your spell library contained the following spells:

 Spells                   Type           Power      Damage    Failure   Level
 Beastly Appendage        Tmut           0%         N/A       58%         1
 Freeze                   Ice            0%         1d3       58%         1
 Shock                    Conj/Air       0%         1d3       58%         1
 Wereblood                Tmut           0%         N/A       75%         2
 Frozen Ramparts          Ice            0%         1d2       92%         3
 Spider Form              Tmut/Pois      0%         N/A       92%         3
 Stone Arrow              Conj/Erth      0%         3d7       92%         3
 Swiftness                Air            0%         N/A       92%         3
 Airstrike                Air            0%         N/A       100%        4
 Animate Armour           Summ/Erth      0%         N/A       100%        4
 Hailstorm                Conj/Ice       0%         3d3       100%        4
 Ice Form                 Ice/Tmut       0%         N/A       100%        4
 Summon Ice Beast         Ice/Summ       0%         N/A       100%        4
 Summon Lightning Spire   Summ/Air       0%         N/A       100%        4
 Blade Hands              Tmut           0%         N/A       100%        5
 Iron Shot                Conj/Erth      0%         9d1       100%        6
 Storm Form               Tmut/Air       0%         N/A       100%        7
 Lehudib's Crystal Spear  Conj/Erth      0%         10d2      100%        8
 Maxwell's Capacitive Co  Air            0%         ∞         100%        8


Dungeon Overview and Level Annotations

Branches:
Dungeon (15/15)            Temple (1/1) D:7            Lair (6/6) D:9
 Shoals (0/4) Lair:2        Snake (1/4) Lair:4        Slime (0/5) Lair:5
    Orc (2/2) D:10            Elf (0/3) Orc:2        Vaults (0/5) D:14
  IceCv (visited)
 Depths: D:15

Altars:
Dithmenos
Elyvilon
Gozag
Hepliaklqana
Kikubaaqudgha
Makhleb
Okawaru
Qazlal
Sif Muna
Trog
Vehumet
Zin
The Shining One
Beogh
Jiyva

Shops:
D:6 [   D:12 *!=   Orc:2 :*[(

Portals:
Hell: Lair:6

Annotations:
D:4 2 transporters, indyram44's ghost, novice FoAK
D:14 Jorgrun


Innate Abilities, Weirdness & Mutations

You are too large for most types of armour.
You have claws for hands.
Your natural rate of healing is unusually fast.
You are covered in fur. (AC +1)
You have tough skin. (AC +1)


Message History

The naga spits poison at you.
The splash of poison hits you but does no damage.
You resist. The naga mage spits poison at you. The splash of poison hits you.
You resist.
* * * LOW HITPOINT WARNING * * *
You block the naga mage's attack. The naga mage grabs you.
The naga mage constricts you.
* * * LOW HITPOINT WARNING * * *
Your fire elemental barely misses the naga.
Your earth elemental closely misses the naga.
The naga is engulfed in blazing flames.
The naga spits poison at you.
The splash of poison is repelled.
The splash of poison hits the mana viper.
The mana viper is poisoned.
The naga warrior is struck by lightning.
The naga warrior spits poison at you.
The splash of poison is repelled.
The splash of poison hits the naga mage.
The naga misses you. The mana viper bites you!
* * * LOW HITPOINT WARNING * * *
Unknown command.
Unknown command.
Okay, then.
Okay, then.
Okay, then.
Magic courses through your body.
You feel very sick.
Your fire elemental disappears in a puff of smoke!
The naga mage casts a spell at you. The bolt of poison hits you. You resist.
* * * LOW HITPOINT WARNING * * *
The bolt of poison hits the naga warrior!
The naga is engulfed in freezing vapours.
You kill the naga!
Qazlal accepts your kill.
The naga mage gestures at the naga while chanting.
The naga seems to grow toxic.
The naga mage constricts you.
You die...

.# ######### .#
.$...§○.###.#
......NNN...####
.....☼S@N.......
.....°N○○.......
.......SE.......
.........#.##.#
#####.......# #
#.......#
#.......#...
#..........#
#...........


You could see a naga warrior, a mana viper (poisoned, ally target), a guardian
serpent, 2 naga magi, 2 nagas and a friendly earth elemental (summoned).

Vanquished Creatures
  Saint Roka (Orc:2)
  Snorg (D:13)
  Josephine (D:13)
  Harold (Orc:1)
  4 boulder beetles
  4 vault guards (D:14)
  13 hydras
  6 centaur warriors
  Erica (D:9)
  An anaconda (Snake:1)
  13 death yaks
  5 two-headed ogres
  A tengu warrior (D:13)
  2 orc high priests (Orc:2)
  Sonja (D:13)
  A glowing orange brain (shapeshifter) (D:14)
  3 skeletal warriors (D:14)
  Pikel (D:5)
  A phantasmal warrior (D:15)
  A lindwurm (Lair:6)
  2 wizards
  A mana viper (Snake:1)
  A necromancer (D:15)
  5 orc sorcerers (Orc:2)
  3 deep elf pyromancers (D:14)
  5 orc knights
  An ugly thing (D:15)
  13 elephants
  An oklob plant (Lair:6)
  4 manticores
  7 cyclopes
  2 black mambas
  2 torpor snails
  A smoke demon (Lair:6)
  Joseph (D:7)
  3 gargoyles
  6 rime drakes
  4 ice devils
  14 cane toads
  2 unseen horrors
  2 kobold demonologists (D:12)
  An efreet (D:13)
  A freezing wraith (D:14)
  7 komodo dragons
  3 tengu conjurers (D:14)
  A red devil (Lair:6)
  8 trolls
  A wind drake (Lair:2)
  6 blink frogs (Lair:5)
  7 polar bears
  A shadow (D:12)
  9 wraiths
  66 yaks
  A vampire (D:12)
  A yak (shapeshifter) (D:13)
  A wyvern (Lair:4)
  3 basilisks
  3 steam dragons
  4 vampire mosquitoes
  4 wargs
  Edmund (D:5)
  An acid dragon (D:12)
  4 nagas
  4 hell hounds (Lair:6)
  Duvessa (D:5)
  23 water moccasins
  A tengu skeleton (D:15)
  2 ice beasts
  33 orc warriors
  A sky beast (D:7)
  4 black bears
  10 ogres
  12 wolves
  5 centaurs
  4 kobold brigands
  Blork the orc (D:5)
  14 bullfrogs
  A gnoll sergeant (D:9)
  3 scorpions
  2 wyvern zombies
  A two-headed ogre simulacrum (IceCv)
  A water moccasin zombie (D:4)
  A water moccasin skeleton (D:6)
  Dowan (D:5)
  4 killer bees (D:9)
  5 wights (D:6)
  3 howler monkeys
  4 centaur zombies
  A centaur skeleton (D:4)
  18 orc priests
  A bullfrog zombie (D:5)
  3 hounds
  7 hell rats
  Ijyb (D:5)
  An iguana (D:6)
  20 orc wizards
  A scorpion zombie (D:4)
  2 spriggan simulacra (IceCv)
  2 troll simulacra (IceCv)
  2 wolf simulacra (IceCv)
  A hound zombie (D:4)
  A hound skeleton (D:4)
  A howler monkey zombie (D:8)
  15 gnolls
  5 adders
  3 naga simulacra (IceCv)
  2 shadow imps (D:6)
  7 white imps
  4 ufetubi
  2 adder zombies (D:4)
  An adder skeleton (D:4)
  3 worms
  5 dart slugs
  78 orcs
  3 ball pythons
  4 endoplasms
  6 giant cockroaches
  3 hobgoblins
  6 jackals
  14 kobolds
  3 quokkas
  4 frilled lizards
  3 goblins
  A jackal zombie (D:4)
  A quokka zombie (D:4)
  8 rats
660 creatures vanquished.

Vanquished Creatures (collateral kills)
  An orc warlord (Orc:2)
  A hydra (D:15)
  An ogre mage (D:15)
  A two-headed ogre (D:15)
  A sun demon (Lair:6)
  A naga ritualist (Snake:1)
  4 elephants (Lair:5)
  An ugly thing (D:15)
  A black mamba (Snake:1)
  An orange demon (Lair:6)
  An ice devil (Lair:6)
  A yak (Lair:5)
  3 centaurs (D:15)
18 creatures vanquished.

Vanquished Creatures (others)
  A wizard (D:14)
  A bullfrog (D:8)
  An orc wizard (Orc:2)
  2 orcs
  69 fungi
  62 plants
  10 withered plants
146 creatures vanquished.

Grand Total: 824 creatures vanquished

Notes
Turn   | Place    | Note
-------+----------+-------------------------------------------
     0 | D:5      | robertstho the Troll Delver began the quest for the Orb.
     0 | D:5      | Reached XP level 1. HP: 22/22 MP: 0/0
     4 | D:5      | Noticed a hound
     6 | D:5      | Noticed Dowan
    23 | D:5      | Noticed Ijyb
    32 | D:4      | Killed a hound
    33 | D:4      | Reached XP level 2. HP: 29/29 MP: 1/1
    33 | D:4      | Reached XP level 3. HP: 36/36 MP: 2/2
    49 | D:4      | Noticed a black bear
    63 | D:4      | Noticed a sky beast
    65 | D:4      | Found a transporter.
    65 | D:4      | Noticed indyram44's ghost (novice FoAK)
    95 | D:4      | Reached XP level 4. HP: 36/44 MP: 3/3
   143 | D:4      | Noticed an ice beast
   183 | D:4      | Reached skill level 3 in Unarmed Combat
   183 | D:4      | Reached XP level 5. HP: 37/53 MP: 4/4
   233 | D:5      | Noticed a black bear
   271 | D:4      | Killed an ice beast
   272 | D:4      | Reached skill level 4 in Unarmed Combat
   272 | D:4      | Reached XP level 6. HP: 53/61 MP: 5/5
   659 | D:3      | Found a white marble altar of Elyvilon.
   979 | D:2      | Found a faded altar of an unknown god.
  1277 | D:2      | Identified the +9 hunting sling "Troll's Regret" {freeze,
                  | Will+ Str+5}
  2041 | D:4      | Reached skill level 5 in Unarmed Combat
  2048 | D:4      | Reached XP level 7. HP: 38/67 MP: 6/6
  2141 | D:4      | Found a transporter.
  2155 | D:4      | Reached skill level 6 in Unarmed Combat
  2432 | D:5      | Killed Ijyb
  2433 | D:5      | Noticed Duvessa
  2446 | D:5      | Killed Duvessa
  2453 | D:5      | Killed Dowan
  2557 | D:5      | Noticed Pikel
  2576 | D:5      | Reached XP level 8. HP: 66/78 MP: 7/7
  2587 | D:5      | Killed Pikel
  2588 | D:5      | Reached skill level 1 in Shields
  2588 | D:5      | Reached skill level 8 in Unarmed Combat
  2649 | D:5      | Noticed Blork the orc
  2656 | D:5      | Killed Blork the orc
  2981 | D:5      | Noticed Edmund
  2998 | D:5      | Killed Edmund
  2999 | D:5      | Reached XP level 9. HP: 58/85 MP: 8/8
  3293 | D:6      | Reached skill level 9 in Unarmed Combat
  3598 | D:6      | Found Teunk's Armour Shop.
  3883 | D:6      | Reached skill level 10 in Unarmed Combat
  4043 | D:7      | Noticed Joseph
  4058 | D:7      | Killed Joseph
  4348 | D:7      | Reached skill level 5 in Fighting
  4359 | D:7      | Reached skill level 11 in Unarmed Combat
  4408 | D:7      | Found a staircase to the Ecumenical Temple.
  4430 | Temple   | Entered the Ecumenical Temple
  4454 | Temple   | Became a worshipper of Qazlal Stormbringer
  4833 | D:8      | Reached XP level 10. HP: 96/96 MP: 9/9
  4854 | D:8      | Reached skill level 1 in Invocations
  5614 | D:8      | Reached skill level 12 in Unarmed Combat
  5892 | D:9      | Reached * piety under Qazlal
  5893 | D:9      | Reached skill level 5 in Dodging
  5919 | D:9      | Found a staircase to the Lair.
  5928 | Lair:1   | Entered Level 1 of the Lair of Beasts
  5928 | Lair:1   | Noticed a cane toad
  5928 | Lair:1   | Noticed a cane toad
  6021 | Lair:1   | Killed a cane toad
  6022 | Lair:1   | Reached skill level 13 in Unarmed Combat
  6025 | Lair:1   | Killed a cane toad
  6133 | Lair:1   | Noticed a cane toad
  6142 | Lair:1   | Killed a cane toad
  6143 | Lair:1   | Reached XP level 11. HP: 75/104 MP: 11/11
  6462 | Lair:1   | Reached ** piety under Qazlal
  6544 | Lair:1   | Reached skill level 14 in Unarmed Combat
  7223 | D:9      | Noticed Erica
  7243 | D:9      | Killed Erica
  7469 | D:10     | Entered Level 10 of the Dungeon
  7777 | D:10     | Noticed a two-headed ogre
  7785 | D:10     | Killed a two-headed ogre
  7786 | D:10     | Reached skill level 1 in Evocations
  7849 | D:10     | Identified a scroll of acquirement
  7850 | D:10     | Acquired the ring of the Pariah {EV+4 Int+5}
  7888 | D:10     | Noticed a centaur warrior
  7894 | D:10     | Killed a centaur warrior
  7895 | D:10     | Reached skill level 1 in Long Blades
  7962 | D:10     | Found a staircase to the Orcish Mines.
  7966 | D:10     | Noticed a two-headed ogre
  7982 | D:10     | Killed a two-headed ogre
  8516 | D:11     | Reached XP level 12. HP: 115/115 MP: 14/14
  8642 | D:11     | Noticed a two-headed ogre
  8657 | D:11     | Killed a two-headed ogre
  9202 | Lair:2   | Found a staircase to the Shoals.
  9203 | Lair:2   | Noticed a death yak
  9203 | Lair:2   | Noticed a death yak
  9203 | Lair:2   | Noticed a death yak
  9203 | Lair:2   | Noticed a death yak
  9204 | Lair:2   | Noticed a death yak
  9204 | Lair:2   | Noticed a death yak
  9377 | Lair:2   | Killed a death yak
  9382 | Lair:2   | Killed a death yak
  9384 | Lair:2   | Killed a death yak
  9392 | Lair:2   | Killed a death yak
  9393 | Lair:2   | Reached skill level 5 in Invocations
  9396 | Lair:2   | Killed a death yak
  9400 | Lair:2   | Killed a death yak
  9515 | Lair:2   | Reached *** piety under Qazlal
 10243 | Lair:3   | Noticed a seven-headed hydra
 10255 | Lair:3   | Killed a one-headed hydra
 10332 | Lair:3   | Noticed an eight-headed hydra
 10333 | Lair:3   | Acquired +0 steam dragon scales
 10343 | Lair:3   | Killed a four-headed hydra
 10457 | Lair:3   | Noticed a death yak
 10458 | Lair:3   | Noticed a death yak
 10459 | Lair:3   | Noticed a death yak
 10459 | Lair:3   | Noticed a death yak
 10459 | Lair:3   | Noticed a death yak
 10703 | Lair:3   | Reached XP level 13. HP: 57/124 MP: 16/16
 11021 | Lair:3   | Reached skill level 5 in Shields
 11124 | Lair:3   | Reached skill level 5 in Long Blades
 11642 | Lair:4   | Found a frozen archway.
 11706 | IceCv    | Entered an ice cave
 12177 | Lair:4   | Found a staircase to the Snake Pit.
 12588 | Lair:4   | Reached **** piety under Qazlal
 13321 | Lair:5   | Reached skill level 5 in Evocations
 13683 | Lair:5   | Found a viscous altar of Jiyva.
 13683 | Lair:5   | Found a staircase to the Slime Pits.
 13900 | Lair:6   | Entered Level 6 of the Lair of Beasts
 14057 | Lair:5   | Reached XP level 14. HP: 137/137 MP: 18/18
 14351 | Lair:6   | Identified the ring of Meihotum {Ice Str+3 Dex-4 Slay+3}
 15528 | Lair:6   | Found a burning altar of Makhleb.
 15529 | Lair:6   | Cast into level 2 of the Abyss (a wizard)
 15544 | Lair:6   | Escaped the Abyss
 15554 | Lair:6   | Reached skill level 1 in Armour
 15873 | Lair:6   | Found a gateway to Hell.
 15880 | Lair:6   | Identified the +7 eveningstar "Uphaof" {vorpal, Str+5}
 16253 | Orc:1    | Entered Level 1 of the Orcish Mines
 16505 | Orc:1    | Noticed Harold
 16515 | Orc:1    | Killed Harold
 16786 | Orc:2    | Entered Level 2 of the Orcish Mines
 16793 | Orc:2    | Reached ***** piety under Qazlal
 16922 | Orc:2    | Reached skill level 1 in Maces & Flails
 16929 | Orc:2    | Noticed Saint Roka
 17042 | D:12     | Found Sikomp's Distillery.
 17073 | D:12     | Identified the ring "Bul Requme" {rElec rPois Will- rCorr
                  | Stlth+}
 17123 | D:12     | Bought a potion of curing for 45 gold pieces
 17123 | D:12     | Bought a potion of haste for 150 gold pieces
 17123 | D:12     | Bought a potion of curing for 45 gold pieces
 17123 | D:12     | Bought a potion of berserk rage for 75 gold pieces
 17123 | D:12     | Bought a potion of curing for 45 gold pieces
 17362 | D:12     | Found Wogyopp's Jewellery Shop.
 17367 | D:12     | Bought the ring "Ihunocw" {rPois Will++ rCorr} for 514 gold
                  | pieces
 17553 | D:12     | Found Migixev's General Store.
 17585 | D:12     | Bought a potion of curing for 33 gold pieces
 17585 | D:12     | Bought a scroll of identify for 22 gold pieces
 17585 | D:12     | Bought a scroll of teleportation for 33 gold pieces
 17585 | D:12     | Bought a potion of curing for 33 gold pieces
 17723 | D:13     | Noticed Josephine
 17730 | D:13     | Killed Josephine
 17768 | D:13     | Found a radiant altar of Vehumet.
 17768 | D:13     | Noticed Snorg
 17780 | D:13     | Killed Snorg
 17785 | D:13     | Reached XP level 15. HP: 84/145 MP: 20/20
 17901 | D:13     | Noticed Sonja
 17904 | D:13     | Killed Sonja
 18825 | D:14     | Found a gate to the Vaults.
 18989 | D:14     | Found a shimmering blue altar of Sif Muna.
 19298 | Orc:2    | Found a staircase to the Elven Halls.
 19446 | Orc:2    | Killed Saint Roka
 19737 | Orc:2    | Reached skill level 5 in Maces & Flails
 19815 | Orc:2    | Reached ****** piety under Qazlal
 19926 | Orc:2    | Noticed an orc warlord
 19929 | Orc:2    | Paralysed by an orc sorcerer for 3 turns
 19938 | Orc:2    | Killed an orc warlord
 20018 | Orc:2    | Found Qohysuh's Antique Weapon Shoppe.
 20044 | Orc:2    | Found Gyprom's General Store.
 20092 | Orc:2    | Bought a scroll of teleportation for 42 gold pieces
 20092 | Orc:2    | Bought a scroll of identify for 28 gold pieces
 20422 | Orc:2    | Found Distro Cabb's Antique Armour Shoppe.
 20561 | Orc:2    | Found Urrith's Book Shoppe.
 20760 | D:15     | Entered Level 15 of the Dungeon
 21166 | D:14     | Noticed Jorgrun
 21180 | D:14     | HP: 7/149 [constriction (16)]
 21562 | Snake:1  | Entered Level 1 of the Snake Pit
 21573 | Snake:1  | Reached skill level 10 in Fighting
 21574 | Snake:1  | HP: 5/149 [naga (20)]
 21587 | Snake:1  | HP: 6/149 [mana viper (7)]
 21588 | Snake:1  | HP: 1/149 [naga mage/bolt of poison (4)]
 21588 | Snake:1  | Constricted to death by a naga mage

Illustrated notes

Levels and vault maps discovered:
D:1:      shiori_arrival_maze, layout_rooms
D:2:      layout_rooms, chequers_ecumenical_altar_island, chequers_jeans
D:3:      layout_basic, overflow_temple_1_default
D:4:      layout_loops_cross, serial_undead, serial_undead_c, serial_undead_a,
          serial_undead_b, serial_undead_d, gammafunk_ghost_arena,
          serial_bayou_pond_c
D:5:      layout_basic, uniq_ijyb, uniq_edmund, uniq_blork_the_orc, uniq_pikel,
          uniq_duvessa
D:6:      layout_gridville, serial_shops, kennysheep_mini
D:7:      layout_basic, temple_fountains, hex_intersection,
          palyth_stone_intersect, uniq_joseph
D:8:      layout_loops_corners, kennysheep_small_spiral
D:9:      layout_basic, due_lair_maze_entry_diamond, uniq_erica
D:10:     layout_loops_ring, david_orc_1_choice
D:11:     layout_long_grid
D:12:     layout_basic, serial_shops, nicolae_lakefront_shop, shop,
          nicolae_shop_hallway_stairs, special_room [special_room_orc]
D:13:     layout_roguey, nicolae_vehumet_altar_sigil, uniq_snorg, uniq_sonja,
          uniq_josephine
D:14:     evilmike_halls_of_destruction, layout_irregular_city,
          lightli_vaults_fourway_checkpoint, lemuel_round_altar
D:15:     gammafunk_depths_entry_grave, layout_irregular_city, chequers_garden
Temple:   nicolae_temple_the_god_donut
Lair:1:   layout_hall_layers, serial_bayou_crossing
Lair:2:   layout_chaotic_city, minmay_shoals_entry_beasts, serial_forest,
          infiniplex_forest_clump_medium, infiniplex_forest_clump_medium,
          infiniplex_forest_lined_room_2, infiniplex_forest_straight_2,
          infiniplex_forest_clump_small, infiniplex_forest_end_3,
          infiniplex_forest_straight_2, infiniplex_forest_straight_2
Lair:3:   layout_roguey
Lair:4:   layout_hall_layers, minmay_snake_entry_guardpost_medium,
          portal_ice_cave_demonic_guard, grunt_megastairs_3
Lair:5:   layout_regular_city, slime_altar_1
Lair:6:   evil_forest, layout_cave_pods, lemuel_fruit_tree
Snake:1:  layout_gridlike, grunt_ministairs_9, grunt_megastairs_4
Orc:1:    layout_caves, basic_altar, uniq_harold
Orc:2:    grunt_orc_cross, layout_diamond_mine, uniq_saint_roka, uniq_jorgrun

Skill      XL: |  1  2  3  4  5  6  7  8  9 10 11 12 13 14 15 |
---------------+----------------------------------------------+-----
Stealth        | 3 4 |  4.3
Dodging        | 2 3 4 5 6 7 8 |  8.4
Fighting       | 3 4 5 6 7 8 9 10 | 10.0
Unarmed Combat | 3 4 5 6 8 11 13 14 | 14.4
Shields        | 1 2 3 4 6 7 8 |  8.7
Invocations    | 2 4 5 7 8 9 |  9.2
Evocations     | 1 3 5 6 7 |  7.0
Long Blades    | 1 4 6 7 |  7.1
Armour         | 2 |  2.7
Maces & Flails | 2 5 |  5.9

Action                   |  1- 3 |  4- 6 |  7- 9 | 10-12 | 13-15 || total
-------------------------+-------+-------+-------+-------+-------++-------
Melee: Unarmed           |    18 |   196 |   299 |   291 |       ||   804
       Punch             |       |     3 |    13 |    22 |       ||    38
       Scimitar          |       |       |       |   387 |   849 ||  1236
       Eveningstar       |       |       |       |       |   540 ||   540
Invok: Elemental Force   |       |       |       |     1 |     9 ||    10
       Upheaval          |       |       |       |     1 |       ||     1
       Disaster Area     |       |       |       |       |     1 ||     1
Evoke: Wand              |       |       |     2 |    33 |    23 ||    58
       Condenser vane    |       |       |       |       |     1 ||     1
  Use: Scroll            |     1 |       |     9 |    16 |    19 ||    45
       Potion            |     1 |     2 |       |     6 |    22 ||    31
 Stab: Sleeping          |       |     7 |     5 |       |       ||    12
       Distracted        |       |     1 |     2 |       |       ||     3
       Paralysed         |       |       |       |       |     2 ||     2
Armor: Robe              |     4 |    60 |    52 |   168 |    23 ||   307
       Steam dragon scal |       |       |       |    27 |   131 ||   158
       Acid dragon scale |       |       |       |       |    55 ||    55
       Troll leather arm |       |       |       |       |   147 ||   147
Dodge: Dodged            |    15 |   107 |   113 |   348 |   906 ||  1489
       Repelled          |       |       |       |       |    16 ||    16
Block: Other             |       |     3 |    70 |    50 |       ||   123
       Reflection        |       |       |     3 |     8 |    53 ||    64
       Kite shield       |       |       |       |   434 |  1983 ||  2417

Table legend: (Time is in decaauts)
 A = Elapsed time spent in this place.
 B = Non-inter-level travel time spent in this place.
 C = Inter-level travel time spent in this place.
 D = Time resting spent in this place.
 E = Time spent auto-exploring this place.
 F = Levels seen in this place.
 G = Mean time per level.
                   A        B        C        D        E       F      G
               +--------+--------+--------+--------+--------+-----+--------+
         Total |  22064 |  20501 |   1563 |   1500 |  12990 |  27 |  817.2 |
       Dungeon |  11514 |  10566 |    948 |    368 |   7044 |  15 |  767.6 |
        Temple |     37 |     24 |     13 |      0 |     11 |   1 |   37.0 |
          Lair |   8151 |   7658 |    493 |    722 |   4697 |   6 | 1358.5 |
     Snake Pit |     29 |     29 |      0 |      0 |      0 |   1 |   29.0 |
  Orcish Mines |   2055 |   1948 |    107 |    410 |   1114 |   2 | 1027.5 |
         Abyss |     15 |     15 |      0 |      0 |      5 |   1 |   15.0 |
      Ice Cave |    260 |    260 |      0 |      0 |    118 |   1 |  260.0 |
               +--------+--------+--------+--------+--------+-----+--------+

Top non-repeatable levels by time:
  Lair:6: 1707 daAuts
  Lair:4: 1450 daAuts
  Lair:5: 1379 daAuts
    D:14: 1348 daAuts
  Lair:3: 1317 daAuts
    D:10: 1272 daAuts
  Lair:2: 1231 daAuts
   Orc:2: 1115 daAuts
  Lair:1: 1065 daAuts
     D:8: 1051 daAuts
     D:5: 961 daAuts
   Orc:1: 940 daAuts
    D:11: 834 daAuts
     D:9: 785 daAuts
     D:4: 772 daAuts
